 Dungeon Crawl Stone Soup version 0.20-a0-251-g16a58bf (webtiles) character file.

8754 nubinia the Destroyer (level 11, -1/61 HPs)
             Began as a Tengu Air Elementalist on Nov 30, 2016.
             Was an Elder of Sif Muna.
             Slain by a water moccasin (4 damage)
             ... on level 2 of the Lair of Beasts.
             The game lasted 00:56:27 (13485 turns).

nubinia the Destroyer (Tengu Air Elementalist)     Turns: 13485, Time: 00:56:28

Health: -1/61      AC:  7    Str:  8    XL:     11   Next: 35%
Magic:  12/22      EV: 17    Int: 20    God:    Sif Muna [****..]
Gold:   470        SH:  0    Dex: 14    Spells: 4/24 levels left

rFire  . . .     SeeInvis .     o - +2 short sword (venom)
rCold  . . .     Gourm    +     Z - +1 robe {rN+}
rNeg   + . .     Faith    .     (no shield)
rPois  .         Spirit   .     (helmet restricted)
rElec  .         Reflect  .     (no cloak)
rCorr  .         Harm     .     M - +0 pair of gloves
MR     .....                    (boots unavailable)
Stlth  ++++......               J - amulet of the gourmand
                                Q - +1 ring of evasion
                                k - ring of stealth

@: flying quickly and evasively, repel missiles, divine energy, quick
A: beak, claws 1, talons 3, rugged brown scales 1, yellow scales 1, mutation
resistance 1, able to fly 1
a: Stop Divine Energy, Channel Magic, Forget Spell, Renounce Religion


You were on level 2 of the Lair of Beasts.
You worshipped Sif Muna.
Sif Muna was greatly pleased with you.
You were very full.

You visited 3 branches of the dungeon, and saw 12 of its levels.

You collected 548 gold pieces.
You spent 78 gold pieces at shops.

Inventory:

Hand Weapons
 d - a +0 short sword
 o - a +2 short sword of venom (weapon)
 x - a +0 dagger of draining
 T - a +1 dagger of holy wrath
Missiles
 s - 6 curare-tipped needles
Armour
 a - a +0 robe
 M - a +0 pair of gloves (worn)
 R - a +0 ring mail of magic resistance
 U - the +3 leather armour of Youthful Indiscretion {rC+ rN++ Dex-3}
   (You found it on level 8 of the Dungeon)

   It affects your dexterity (-3).
   It protects you from cold.
   It greatly protects you from negative energy.
 Z - a +1 robe of positive energy (worn)
Jewellery
 k - a ring of stealth (left hand)
 D - an uncursed ring of stealth
 H - an uncursed ring of fire
 J - an amulet of the gourmand (around neck)
 Q - a +1 ring of evasion (right hand)
Wands
 A - a wand of acid (8/15)
 I - a wand of lightning (5/15)
 K - a wand of polymorph (12/24)
 N - a wand of lightning (6/15)
 V - a wand of iceblast (8/15)
 Y - a wand of disintegration (12/24)
Scrolls
 h - 6 scrolls of remove curse
 i - a scroll of magic mapping
 m - a scroll of blinking
 n - a scroll of enchant armour {unknown}
 u - a scroll of random uselessness {unknown}
 v - a scroll of noise {unknown}
 y - a scroll of immolation
 z - a scroll of amnesia
 C - 3 scrolls of fog
 E - a scroll of enchant weapon {unknown}
 F - 2 scrolls of fear
 G - 3 scrolls of teleportation
 L - 3 scrolls of identify
 X - a scroll of recharging {unknown}
Potions
 e - a potion of cure mutation
 f - a potion of lignification
 g - 6 potions of curing
 j - a potion of flight
 r - 4 potions of haste
 w - a potion of resistance
 O - 3 potions of heal wounds
 P - 2 potions of agility
Books
 b - a book of Air

   Spells                             Type                      Level
   a - Shock                          Conjuration/Air              1
   b - Swiftness                      Charms/Air                   2
   c - Repel Missiles                 Charms/Air                   2
   d - Static Discharge               Conjuration/Air              3
   e - Lightning Bolt                 Conjuration/Air              5
 B - a book of Misfortune

   Spells                             Type                      Level
   a - Confusing Touch                Hexes                        1
   b - Confuse                        Hexes                        3
   c - Gell's Gravitas                Hexes/Translocation          3
   d - Petrify                        Transmutation/Earth          4
   e - Metabolic Englaciation         Hexes/Ice                    5
   f - Yara's Violent Unravelling     Hexes/Transmutation          5
 S - the Tome of the Mountains and Battle Magic
   (You found it on level 8 of the Dungeon)

   Spells                             Type                      Level
   a - Throw Frost                    Conjuration/Ice              2
   b - Throw Flame                    Conjuration/Fire             2
   c - Passwall                       Transmutation/Earth          2
   d - Iskenderun's Battlesphere      Conjuration/Charms           5
   e - Bolt of Fire                   Conjuration/Fire             6
Comestibles
 c - 14 bread rations
 l - 6 meat rations
 p - 3 royal jellies
 q - a slice of pizza
 t - 3 beef jerkies
 W - 4 fruits


   Skills:
 + Level 3.1 Fighting
 + Level 5.4 Short Blades
 + Level 3.8 Armour
 + Level 3.6 Dodging
 + Level 4.9 Stealth
 + Level 7.2 Spellcasting
 * Level 12.0 Conjurations
 + Level 3.1 Charms
 * Level 1.2 Fire Magic
 * Level 10.9 Air Magic


You had 4 spell levels left.
You knew the following spells:

 Your Spells              Type           Power        Failure   Level  Hunger
a - Shock                 Conj/Air       ####         1%          1    None
b - Throw Flame           Conj/Fire      ####..       1%          2    None
c - Lightning Bolt        Conj/Air       ######....   2%          5    #####..
d - Static Discharge      Conj/Air       ######..     1%          3    #......
i - Iskenderun's Battles  Conj/Chrm      #####...     14%         5    #####..
r - Repel Missiles        Chrm/Air       #####.       1%          2    None
s - Swiftness             Chrm/Air       #####...     1%          2    None


Dungeon Overview and Level Annotations

Branches:
Dungeon (9/15)             Temple (1/1) D:4            Lair (2/6) D:9
  Swamp: Lair:2-4    Shoals: Lair:2-4     Snake: Lair:2-4    Spider: Lair:2-4
    Orc: D:9-12

Altars:
Ashenzari
Cheibriados
Dithmenos
Elyvilon
Gozag
Hepliaklqana
Kikubaaqudgha
Makhleb
Nemelex Xobeh
Okawaru
Qazlal
Ru
Sif Muna
Trog
Uskayaw
Xom
Yredelemnul
Zin
The Shining One

Shops:
D:4 ?


Innate Abilities, Weirdness & Mutations

You have a beak for a mouth.
You have claws for feet.
You can fly.
You have sharp fingernails.
You are partially covered in rugged brown scales. (AC +1, +3% HP)
You are partially covered in yellow scales. (AC +2)
You are somewhat resistant to further mutation.


Message History

Your battlesphere expends the last of its energy and dissipates.
The four-headed hydra bites you!! The four-headed hydra bites you!
The four-headed hydra barely misses you.
The four-headed hydra bites you!
Your magical contamination has completely faded away.
You swoop lightly up into the air.
You feel very comfortable in the air.
You feel somewhat less full. The four-headed hydra misses you.
The four-headed hydra bites you but does no damage.
The four-headed hydra bites you.
* * * LOW HITPOINT WARNING * * *
The four-headed hydra bites you!
* * * LOW HITPOINT WARNING * * *
A water moccasin comes into view.
Found an escape hatch in the floor.
The water moccasin bites you.
* * * LOW HITPOINT WARNING * * *
The water moccasin bites you.
* * * LOW HITPOINT WARNING * * *
The water moccasin bites you.
You die...

... ....###P# ....#P..#...#
...P#.......# .....#......##
.............# ..........>..##
# ..............# ≈#.
<......@S.....###..#
.....#..............# ##.....
#....D.........#
###.....#####...........P#
#.<.......###.........P## #
###........P.#####.##..####.#.
#P......P....#########..P.....
........##.....P# ###.....P#P
.[....P.##......## #§..#.P..#


You could see a four-headed hydra and a water moccasin.

Vanquished Creatures
  A hydra (Lair:1)
  2 spiny frogs (Lair:1)
  A hippogriff (Lair:1)
  A two-headed ogre (D:9)
  A spriggan (D:8)
  A basilisk (Lair:1)
  12 yaks
  3 water moccasins
  4 orc warriors
  2 porcupines
  2 hell hounds (D:9)
  An ice beast (D:8)
  A black bear (D:7)
  3 sky beasts
  8 ogres
  4 phantoms
  4 centaurs
  A big kobold (D:8)
  2 bullfrogs
  A wyvern skeleton (D:7)
  A scorpion (D:9)
  6 killer bees
  6 howler monkeys
  3 wights
  6 crimson imps
  A hound (D:5)
  A jelly (D:8)
  7 orc priests
  2 bullfrog skeletons
  An iguana (D:6)
  9 orc wizards
  10 worker ants
  Terence (D:3)
  A hound zombie (D:8)
  A hound skeleton (D:6)
  Robin (D:2)
  5 gnolls
  9 adders
  3 shadow imps
  An ooze (D:1)
  2 adder skeletons (D:8)
  4 worms
  2 dart slugs
  6 leopard geckos
  26 orcs
  5 bats
  7 giant cockroaches
  21 goblins
  10 hobgoblins
  7 jackals
  11 kobolds
  4 quokkas
  2 ball pythons
  13 frilled lizards
  2 leopard gecko skeletons
  2 rats
254 creatures vanquished.

Notes
Turn   | Place    | Note
-------+----------+-------------------------------------------
     0 | D:1      | nubinia the Tengu Air Elementalist began the quest for the Orb.
     0 | D:1      | Reached XP level 1. HP: 10/10 MP: 4/4
   231 | D:1      | Reached XP level 2. HP: 11/15 MP: 1/6
   296 | D:1      | Learned a level 2 spell: Repel Missiles
   300 | D:1      | Learned a level 2 spell: Swiftness
   918 | D:1      | Reached XP level 3. HP: 15/19 MP: 7/7
  1999 | D:2      | Noticed an orc warrior
  2007 | D:2      | Reached skill level 2 in Conjurations
  2007 | D:2      | Reached skill level 5 in Air Magic
  2007 | D:2      | Reached XP level 4. HP: 24/24 MP: 3/8
  2119 | D:2      | Reached skill level 1 in Short Blades
  2246 | D:2      | Learned a level 3 spell: Static Discharge
  2263 | D:2      | Gained mutation: You can fly. [Tengu growth]
  2263 | D:2      | Reached XP level 5. HP: 28/28 MP: 5/10
  2383 | D:2      | Noticed Robin
  2421 | D:2      | Killed Robin
  3238 | D:3      | Reached skill level 1 in Fighting
  3238 | D:3      | Reached XP level 6. HP: 24/34 MP: 4/11
  3359 | D:3      | Gained mutation: You are partially covered in yellow scales. (AC +2) [potion of mutation]
  3359 | D:3      | Gained mutation: You are partially covered in rugged brown scales. (AC +1, +3% HP) [potion of mutation]
  3359 | D:3      | Gained mutation: You are somewhat resistant to further mutation. [potion of mutation]
  3481 | D:3      | Reached skill level 3 in Conjurations
  3617 | D:3      | Found a shimmering altar of Xom.
  3618 | D:3      | Found a hazy altar of Hepliaklqana.
  3618 | D:3      | Noticed a caustic shrike
  3619 | D:3      | Noticed a caustic shrike
  3619 | D:3      | Noticed a spectral ugly thing
  3645 | D:3      | Noticed Terence
  3658 | D:3      | Killed Terence
  3975 | D:4      | Noticed a phantom
  3987 | D:4      | Killed a phantom
  4085 | D:4      | Reached XP level 7. HP: 39/39 MP: 4/13
  4089 | D:4      | Reached skill level 4 in Conjurations
  4253 | D:4      | Found Caneluoss's Magic Scroll Boutique.
  4306 | D:4      | Bought a scroll of fear for 42 gold pieces
  4306 | D:4      | Bought a scroll of teleportation for 36 gold pieces
  4467 | D:4      | Reached skill level 5 in Conjurations
  4599 | D:4      | Found a staircase to the Ecumenical Temple.
  4609 | D:4      | Reached XP level 8. HP: 27/45 MP: 15/15
  4615 | Temple   | Entered the Ecumenical Temple
  4692 | Temple   | Became a worshipper of Sif Muna the Loreminder
  5118 | D:5      | Entered Level 5 of the Dungeon
  5373 | D:5      | Reached skill level 6 in Conjurations
  5611 | D:5      | Reached * piety under Sif Muna
  5911 | D:6      | Learned a level 5 spell: Lightning Bolt
  6224 | D:6      | Reached skill level 7 in Conjurations
  6371 | D:6      | Reached skill level 5 in Spellcasting
  6436 | D:6      | Reached XP level 9. HP: 49/49 MP: 15/17
  7140 | D:7      | Found a stormy altar of Qazlal.
  7532 | D:7      | Reached skill level 8 in Conjurations
  7632 | D:7      | Reached skill level 1 in Armour
  7923 | D:8      | Reached ** piety under Sif Muna
  8284 | D:8      | Got a smoking leather armour
  8295 | D:8      | Identified the +3 leather armour of Youthful Indiscretion {rC+ rN++ Dex-3} (You found it on level 8 of the Dungeon)
  8606 | D:8      | Reached skill level 9 in Conjurations
  8731 | D:8      | Identified the Tome of the Mountains and Battle Magic
  8739 | D:8      | Learned a level 5 spell: Iskenderun's Battlesphere
  8796 | D:8      | Gained mutation: You have sharp fingernails. [mutagenic meat]
  9180 | D:7      | Reached XP level 10. HP: 45/55 MP: 7/19
  9267 | D:8      | Reached skill level 10 in Air Magic
  9663 | D:8      | Reached *** piety under Sif Muna
  9673 | D:8      | Reached skill level 1 in Charms
  9750 | D:8      | Found a white marble altar of Elyvilon.
  9956 | D:8      | Reached skill level 10 in Conjurations
 10990 | D:9      | Found a staircase to the Lair.
 11614 | Lair:1   | Entered Level 1 of the Lair of Beasts
 11614 | Lair:1   | Noticed a spiny frog
 11617 | Lair:1   | Killed a spiny frog
 11751 | Lair:1   | Reached **** piety under Sif Muna
 11759 | Lair:1   | Reached skill level 11 in Conjurations
 11965 | Lair:1   | Reached skill level 5 in Short Blades
 12191 | Lair:1   | Noticed a seven-headed hydra
 12508 | Lair:1   | Reached XP level 11. HP: 51/60 MP: 14/22
 12784 | Lair:1   | Killed a seven-headed hydra
 12788 | Lair:1   | Learned a level 2 spell: Throw Flame
 13224 | Lair:2   | Reached skill level 1 in Fire Magic
 13238 | Lair:2   | Reached skill level 12 in Conjurations
 13411 | Lair:2   | Noticed a four-headed hydra
 13484 | Lair:2   | HP: 3/61 [water moccasin (3)]
 13485 | Lair:2   | Slain by a water moccasin

Vault maps used:
D:1:      dpeg_arrival_ternary, minmay_lizard_pond
D:2:      kennysheep_goblin_castle
D:3:      regret_index_temple_of_mockery, uniq_terence
D:4:      first_bread, serial_shops, shop
D:7:      black_bear_nest_1, kennysheep_mini
D:8:      marbit_many_paths, grunt_ministairs_4, the_bakery, minmay_checkerbox
D:9:      minmay_lair_entry_lava
Temple:   minmay_crystal_spiral_temple
Lair:1:   serial_bayou_pond_d
Lair:2:   elwin_shoals_entry_stream, infiniplex_staircase_pool_2,
          lemuel_fruit_fields

Skill      XL: |  1  2  3  4  5  6  7  8  9 10 11 |
---------------+----------------------------------+-----
Conjurations   | 2 3 5 7 9 11 12 | 12.0
Air Magic      | 5 6 8 9 10 | 10.9
Short Blades   | 1 2 3 4 5 |  5.4
Spellcasting   | 3 4 5 6 7 |  7.2
Stealth        | 3 4 |  4.9
Fighting       | 1 2 3 |  3.1
Dodging        | 3 |  3.6
Armour         | 2 3 |  3.8
Charms         | 2 3 |  3.1
Fire Magic     | 1 |  1.2

Action                   |  1- 3 |  4- 6 |  7- 9 | 10-12 || total
-------------------------+-------+-------+-------+-------++-------
Melee: Short sword       |    45 |    64 |   113 |   111 ||   333
       Kick              |     9 |    10 |    29 |    21 ||    69
       Peck              |     9 |     7 |    15 |    16 ||    47
 Cast: Shock             |    57 |    89 |   233 |   177 ||   556
       Repel Missiles    |     1 |       |     3 |     1 ||     5
       Static Discharge  |       |       |    10 |    12 ||    22
       Iskenderun's Batt |       |       |       |    10 ||    10
Invok: Divine Energy     |       |       |     1 |       ||     1
 Abil: Fly               |       |     9 |    23 |    15 ||    47
  Use: Scroll            |     2 |     3 |     4 |     2 ||    11
       Potion            |       |     1 |     4 |     1 ||     6
 Stab: Sleeping          |     3 |     2 |     7 |     5 ||    17
  Eat: Chunk             |     3 |     8 |    38 |    21 ||    70
Armor: Robe              |     6 |     5 |    16 |     8 ||    35
       Ring mail         |       |       |     8 |       ||     8
       Leather armour    |       |       |     6 |    18 ||    24
Dodge: Dodged            |    26 |    52 |    80 |    55 ||   213
       Deflected         |       |       |     5 |     2 ||     7
